 Dungeon Crawl Stone Soup version 0.17.0-28-g6e173f8 (webtiles) character file.

11817 4thArraOfDagon the Severer (level 11, -2/145 HPs)
             Began as a Minotaur Berserker on Nov 23, 2015.
             Was a Priest of Trog.
             Slain by a skeletal warrior
             ... wielding a +0 glaive
              (6 damage)
             ... on level 11 of the Dungeon.
             The game lasted 00:22:16 (3497 turns).

4thArraOfDagon the Severer (Minotaur Berserker)     Turns: 3497, Time: 00:22:16

Health: -2/145     AC: 23    Str: 27    XL:     11   Next: 54%
Magic:  14/14      EV:  6    Int:  7    God:    Trog [***...]
Gold:   418        SH:  0    Dex: 10    Spells: 0 memorised, 10 levels left

rFire  + + .     SeeInvis .     F - +3 battleaxe
rCold  + + +     Clarity  .     k - +3 gold dragon armour
rNeg   . . .     SustAt   .     (shield currently unavailable)
rPois  +         Gourm    .     (helmet restricted)
rElec  +         Spirit   .     (no cloak)
rCorr  .         Warding  .     (no gloves)
rMut   .         Stasis   .     o - +1 pair of boots "Hoede" {*Confuse rF+ rC+}
MR     ++...                    (no amulet)
Stlth  ..........               (no ring)
                                e - ring of protection from cold

@: berserking, liquid flames, regenerating, glowing, very quick, very resistant
to hostile enchantments, extremely unstealthy
A: retaliatory headbutt, horns 2, talons 1, electricity resistance, spit poison
1
a: Spit Poison, Berserk, Trog's Hand, Burn Spellbooks, Renounce Religion


You were on level 11 of the Dungeon.
You worshipped Trog.
Trog was most pleased with you.
You were not hungry.

You visited 1 branch of the dungeon, and saw 12 of its levels.
You also visited: Bailey.

You collected 418 gold pieces.

Inventory:

Hand Weapons
 y - a +2 battleaxe
 F - a +3 battleaxe (weapon)
Missiles
 m - a throwing net (quivered)
Armour
 g - a +0 large shield of reflection
 h - a +0 chain mail
 k - a +3 gold dragon armour (worn)
 o - the +1 pair of boots "Hoede" (worn) {*Confuse rF+ rC+}
   (You acquired it on level 9 of the Dungeon)

   It protects you from fire.
   It protects you from cold.
   It may confuse you when you take damage.
 t - a troll hide
Jewellery
 e - a ring of protection from cold (left hand)
Wands
 d - a wand of paralysis (0)
 f - a wand of digging (10)
 i - a wand of disintegration (1)
 p - a wand of cold (0)
 r - a wand of lightning (5)
 w - a wand of teleportation (2)
 z - a wand of enslavement (10)
Scrolls
 q - a scroll of remove curse
Potions
 a - a potion of agility
 b - a potion of invisibility {unknown}
 j - a potion of berserk rage
 u - 2 potions of degeneration
Books
 n - a Fen Folio

   Spells                             Type                      Level
   a - Corpse Rot                     Necromancy                   2
   b - Stone Arrow                    Conjuration/Earth            3
   c - Leda's Liquefaction            Hexes/Earth                  4
   d - Summon Forest                  Summoning/Translocation      5
   e - Hydra Form                     Transmutation                6
   f - Summon Hydra                   Summoning                    7
   Trog disapproves of the use of such an item.
 x - an Akashic Record

   Spells                             Type                      Level
   a - Dispersal                      Translocation                6
   b - Malign Gateway                 Summoning/Translocation      7
   c - Disjunction                    Translocation                8
   d - Controlled Blink               Translocation                8
   Trog disapproves of the use of such an item.
 A - a book of Callings

   Spells                             Type                      Level
   a - Summon Small Mammal            Summoning                    1
   b - Call Imp                       Summoning                    2
   c - Call Canine Familiar           Summoning                    3
   d - Summon Guardian Golem          Hexes/Summoning              3
   e - Summon Lightning Spire         Summoning/Air                4
   f - Summon Ice Beast               Ice/Summoning                4
   Trog disapproves of the use of such an item.
Comestibles
 c - 7 bread rations
 l - 7 beef jerkies
 s - a royal jelly
 v - 3 meat rations
 C - 3 chunks of flesh


   Skills:
 - Level 9.0 Fighting
 * Level 15.0 Axes
 + Level 11.1 Armour
 - Level 2.1 Dodging
 - Level 6.1 Evocations


You had 10 spell levels left.
You didn't know any spells.

Dungeon Overview and Level Annotations

Branches:
Dungeon (12/15)
 Temple: D:4-7         Lair: D:8-11         Orc: D:9-12

Altars:
Ashenzari
Cheibriados
Fedhas
Xom
The Shining One

Shops:
D:8 }((


Innate Abilities, Weirdness & Mutations

You reflexively headbutt those who attack you in melee.
You have a pair of horns on your head.
You have sharp toenails.
You are resistant to electric shocks.
You can spit weak poison.


Message History

The skeletal warrior hits you with a glaive.
* * * LOW HITPOINT WARNING * * *
Unknown command.
Unknown command.
You hit the skeletal warrior. You headbutt the skeletal warrior.
You destroy the skeletal warrior!
Your Axes skill increases to level 15!
Your Armour skill increases to level 11!
You hit the skeletal warrior but do no damage.
The skeletal warrior is severely damaged.
You are covered in liquid flames!
* * * LOW HITPOINT WARNING * * *
Unknown command.
Unknown command.
You slash the skeletal warrior!
Your headbutt misses the skeletal warrior.
The skeletal warrior is almost destroyed.
You are covered in liquid flames!
The skeletal warrior hits you with a glaive.
You die...

## # .# ## ... #### ##
##.##.... ...##.#
####........ ###..####
###...@).....#
##....###....z...##..#
##...).....###.#..#
#####.####.# .# ## ###
#.### ##


You could see a skeletal warrior.

Vanquished Creatures
  2 skeletal warriors (D:11)
  3 hill giants (D:10)
  2 orc knights
  2 cyclopes
  Maurice (D:9)
  A komodo dragon (D:11)
  3 trolls
  A trapdoor spider zombie (D:10)
  A steam dragon (D:8)
  4 yaks (D:10)
  A hungry ghost (D:8)
  Menkaure (D:7)
  A hippogriff (D:8)
  2 wyverns (D:10)
  2 mottled dragons (D:11)
  5 ogres
  6 orc warriors
  A black bear (D:8)
  A necrophage (D:7)
  3 ice beasts
  6 phantoms
  A sky beast (D:10)
  6 centaurs
  11 giant frogs
  A big kobold (D:9)
  4 crimson imps
  A centaur zombie (D:8)
  2 hounds
  14 wights
  8 orc wizards
  A giant frog zombie (D:9)
  2 iguanas
  2 centaur skeletons
  2 orc priests
  4 giant frog skeletons
  A killer bee zombie (D:8)
  4 worker ants
  2 worker ant zombies
  3 adders
  3 gnolls (D:8)
  26 orcs
  A bat (D:2)
  A giant cockroach (D:2)
  4 goblins (D:7)
  4 hobgoblins
  4 jackals
  5 kobolds
  A quokka (D:11)
  3 giant geckos
  A giant gecko zombie (D:8)
171 creatures vanquished.

Vanquished Creatures (others)
  A bush (D:8)
1 creature vanquished.

Grand Total: 172 creatures vanquished

Notes
Turn   | Place    | Note
--------------------------------------------------------------
     0 | D:1      | 4thArraOfDagon the Minotaur Berserker began the quest for the Orb.
     0 | D:1      | Reached XP level 1. HP: 19/19 MP: 0/0
   126 | D:3      | Reached XP level 2. HP: 18/27 MP: 1/1
   187 | D:5      | Entered Level 5 of the Dungeon
   268 | D:6      | Found a shimmering altar of Xom.
   290 | D:7      | Noticed Menkaure
   309 | D:7      | Killed Menkaure
   309 | D:7      | Reached skill level 4 in Fighting
   309 | D:7      | Reached XP level 3. HP: 34/34 MP: 1/3
   309 | D:7      | Reached XP level 4. HP: 41/41 MP: 1/4
   348 | D:7      | Noticed a centaur
   377 | D:7      | Reached skill level 5 in Axes
   377 | D:7      | Reached XP level 5. HP: 44/47 MP: 5/5
   391 | D:7      | Found a flagged portal.
   418 | Bailey   | Entered a bailey
   435 | Bailey   | :(
   513 | Bailey   | Reached ** piety under Trog
   526 | Bailey   | Noticed an orc warrior
   599 | Bailey   | Noticed an orc warrior
   599 | Bailey   | Noticed an orc knight
   599 | Bailey   | Noticed an orc warrior
   600 | Bailey   | Noticed an orc knight
   631 | Bailey   | Killed an orc warrior
   631 | Bailey   | Reached XP level 6. HP: 30/53 MP: 5/7
   678 | Bailey   | Killed an orc knight
   678 | Bailey   | Reached skill level 5 in Fighting
   678 | Bailey   | Reached skill level 6 in Axes
   678 | Bailey   | Reached XP level 7. HP: 52/61 MP: 8/8
   873 | Bailey   | Killed an orc warrior
   873 | Bailey   | Reached skill level 7 in Axes
  1019 | D:7      | Noticed an ogre
  1033 | D:7      | Noticed an ogre
  1037 | D:7      | Killed an ogre
  1038 | D:7      | Killed an ogre
  1038 | D:7      | Reached skill level 5 in Armour
  1041 | D:7      | Noticed a necrophage
  1063 | D:7      | Killed a necrophage
  1063 | D:7      | Reached XP level 8. HP: 36/68 MP: 10/10
  1179 | D:8      | Reached skill level 5 in Evocations
  1243 | D:8      | Reached skill level 8 in Axes
  1296 | D:8      | Noticed a cyclops
  1302 | D:8      | Killed a cyclops
  1361 | D:8      | Reached skill level 9 in Axes
  1361 | D:8      | Reached XP level 9. HP: 65/78 MP: 12/12
  1400 | D:8      | Found Eciolomp's Weapon Boutique.
  1415 | D:7      | Noticed an orc warrior
  1419 | D:7      | Killed an orc warrior
  1553 | D:9      | Noticed Maurice
  1628 | D:9      | Reached skill level 10 in Axes
  1704 | D:9      | Killed Maurice
  1764 | D:9      | Reached skill level 11 in Axes
  1816 | D:9      | Found a glowing golden altar of the Shining One.
  1888 | D:10     | Entered Level 10 of the Dungeon
  1901 | D:10     | Reached XP level 10. HP: 84/90 MP: 13/13
  1914 | D:10     | Noticed an orc knight
  1930 | D:10     | Killed an orc knight
  1968 | D:10     | Noticed a cyclops
  1981 | D:10     | Killed a cyclops
  2000 | D:10     | Reached skill level 12 in Axes
  2014 | D:10     | Noticed a hill giant
  2162 | D:12     | Found a shattered altar of Ashenzari.
  2398 | D:10     | Noticed an eight-headed hydra
  2557 | D:10     | Killed a hill giant
  2557 | D:10     | Reached skill level 13 in Axes
  2624 | D:10     | Noticed a hill giant
  2702 | D:10     | Noticed a hill giant
  2713 | D:10     | Killed a hill giant
  2713 | D:10     | Reached skill level 10 in Armour
  2713 | D:10     | Reached XP level 11. HP: 97/97 MP: 14/14
  2795 | D:10     | Killed a hill giant
  2798 | D:10     | Reached skill level 14 in Axes
  2938 | D:8      | Reached *** piety under Trog
  3043 | D:8      | Found Yhuwimp's Gadget Boutique.
  3045 | D:8      | Found a blossoming altar of Fedhas.
  3056 | D:8      | Found Jerphum's Antique Weapon Shoppe.
  3150 | D:8      | Found a snail-covered altar of Cheibriados.
  3182 | D:9      | Identified a scroll of acquirement
  3183 | D:9      | Got a pair of bloodstained boots
  3189 | D:9      | Identified the +1 pair of boots "Hoede" {*Confuse rF+ rC+} (You acquired it on level 9 of the Dungeon)
  3191 | D:9      | Gained mutation: You are resistant to electric shocks. [potion of mutation]
  3191 | D:9      | Gained mutation: You have sharp toenails. [potion of mutation]
  3191 | D:9      | Gained mutation: You can spit weak poison. [potion of mutation]
  3455 | D:11     | Noticed a skeletal warrior
  3470 | D:11     | Killed a skeletal warrior
  3476 | D:11     | Noticed a skeletal warrior
  3479 | D:11     | Noticed a skeletal warrior
  3494 | D:11     | HP: 7/145 [skeletal warrior/trident (14)]
  3495 | D:11     | HP: 3/145 [skeletal warrior/glaive (5)]
  3496 | D:11     | Killed a skeletal warrior
  3496 | D:11     | Reached skill level 15 in Axes
  3497 | D:11     | Slain by a skeletal warrior

Action                   |  1- 3 |  4- 6 |  7- 9 | 10-12 || total
-------------------------+-------+-------+-------+-------++-------
Melee: Hand axe          |    14 |    65 |   102 |       ||   181
       Battleaxe         |       |       |    72 |   220 ||   292
Throw: Throwing net      |       |       |     3 |       ||     3
Invok: Berserk           |     2 |     1 |     9 |     8 ||    20
       Trog's Hand       |       |     2 |     4 |    10 ||    16
Evoke: Wand              |       |    14 |     9 |     3 ||    26
  Use: Scroll            |       |     2 |     6 |    12 ||    20
       Potion            |       |       |     2 |     2 ||     4
 Stab: Held in net/web   |       |       |     3 |       ||     3
  Eat: Chunk             |       |     3 |    13 |    16 ||    32
       Bread ration      |       |       |     1 |       ||     1
